 Dungeon Crawl Stone Soup version 0.21.1-1-g345015f (webtiles) character file.

478 Mesmaeker13 the Firebug (level 6, -3/45 HPs)
             Began as a Demigod Wanderer on Mar 26, 2018.
             Slain by an orc wizard
             ... wielding a +2 dagger of electrocution
              (18 damage)
             ... on level 5 of the Dungeon.
             The game lasted 00:12:54 (4986 turns).

Mesmaeker13 the Firebug (Demigod Wanderer)          Turns: 4986, Time: 00:12:55

Health: -3/45      AC:  7    Str: 14    XL:     6   Next: 55%
Magic:  9/14       EV: 13    Int: 20    God:
Gold:   203        SH:  0    Dex: 16    Spells: 8/11 levels left

rFire    . . .     SeeInvis .   d - +1 dagger
rCold    . . .     Gourm    .   (no shield)
rNeg     . . .     Faith    .   x - +3 leather armour
rPois    .         Spirit   .   y - +0 helmet
rElec    .         Reflect  .   (no cloak)
rCorr    .         Harm     .   (no gloves)
MR       .....                  (no boots)
Stlth    +.........             g - amulet of rage
HPRegen  0.15/turn              (no ring)
MPRegen  0.14/turn              (no ring)

@: no status effects
A: high mp 1
a: Evoke Berserk Rage


You were on level 5 of the Dungeon.
You were not hungry.

You visited 1 branch of the dungeon, and saw 5 of its levels.

You collected 203 gold pieces.

Inventory:

Hand Weapons
 d - a +1 dagger (weapon)
 s - a +0 rapier
Missiles
 q - 5 needles of paralysis
Armour
 j - a +1 scale mail of cold resistance
 t - a +0 shield
 x - a +3 leather armour (worn)
 y - a +0 helmet (worn)
Jewellery
 g - an amulet of rage (around neck)
Scrolls
 e - a scroll of enchant weapon
 i - 7 scrolls of amnesia
 l - a scroll of fear
 o - a scroll of enchant armour
 r - a scroll of immolation
 z - a scroll of magic mapping {unknown}
 B - a scroll of random uselessness {unknown}
Potions
 c - a potion of agility {unknown}
 h - a potion of mutation {unknown}
 m - 2 potions of ambrosia {unknown}
 n - a potion of magic {unknown}
 p - 2 potions of haste
 u - a potion of lignification {unknown}
 v - a potion of invisibility {unknown}
 w - 2 potions of flight {unknown}
 A - a potion of curing {unknown}
 C - a potion of heal wounds
Books
 a - a book of Minor Magic

   Spells                             Type                      Level
   a - Magic Dart                     Conjuration                  1
   b - Blink                          Translocation                2
   c - Call Imp                       Summoning                    2
   d - Slow                           Hexes                        2
   e - Conjure Flame                  Conjuration/Fire             3
   f - Mephitic Cloud                 Conjuration/Poison/Air       3
 b - the Catalogue of the Wolf

   Spells                             Type                      Level
   a - Flame Tongue                   Conjuration/Fire             1
   b - Conjure Flame                  Conjuration/Fire             3
 k - a book of Changes

   Spells                             Type                      Level
   a - Beastly Appendage              Transmutation                1
   b - Sticks to Snakes               Transmutation                2
   c - Spider Form                    Transmutation/Poison         3
   d - Ice Form                       Ice/Transmutation            4
   e - Blade Hands                    Transmutation                5
Comestibles
 f - 2 rations
 D - 5 chunks of flesh


   Skills:
 - Level 1.0 Throwing
 + Level 3.5 Dodging
 - Level 3.4 Spellcasting
 + Level 2.6 Summonings
   Level 1.0 Translocations
   Level 1.7 Transmutations
 + Level 3.8 Fire Magic
   Level 1.0 Poison Magic
 - Level 1.0 Evocations


You had 8 spell levels left.
You knew the following spells:

 Your Spells              Type           Power        Failure   Level  Hunger
a - Flame Tongue          Conj/Fire      ##...        8%          1    None
b - Call Imp              Summ           ##......     9%          2    ##.....


Dungeon Overview and Level Annotations

Branches:
Dungeon (5/15)
 Temple: D:4-7

Annotations:
D:3 Kairos's ghost, amateur HuMo


Innate Abilities, Weirdness & Mutations

You have an increased reservoir of magic. (+10% MP)


Message History

The orc wizard hits you but does no damage.
Your white imp hits the orc wizard.
Your white imp freezes the orc wizard.
Casting: Flame Tongue
Confirm with . or Enter, or press ? or * to list all spells.
Aiming: Flame Tongue
Press: ? - help, Shift-Dir - straight line, f/p - orc wizard
Aim: an orc wizard, wielding a dagger of electrocution, wearing a robe and wearing an emerald ring (moderately wounded)
The flame tongue misses the orc wizard.
The orc wizard hits you but does no damage.
You are electrocuted!
Your white imp misses the orc wizard.
Casting: Flame Tongue
Confirm with . or Enter, or press ? or * to list all spells.
Aiming: Flame Tongue
Press: ? - help, Shift-Dir - straight line, f/p - orc wizard
Aim: an orc wizard, wielding a dagger of electrocution, wearing a robe and wearing an emerald ring (moderately wounded)
The flame tongue hits the orc wizard.
The orc wizard appears unharmed.
The orc wizard is moderately wounded.
The orc wizard hits you but does no damage.
You are electrocuted!
You die...

.........###.##############
..............#
#.............#
###...##.##...###
#...##.##.....# ###...#
##.#.#.###### .....
#.....##...# ##.....##.#.#
........@o5#.#
#####.#.####.# #...# #.# ..
....## #.# ... ###.. #..
### #.. ### ... ### .


You could see an orc wizard and a friendly white imp.

Vanquished Creatures
  A phantom (D:5)
  A scorpion (D:5)
  A jelly (D:3)
  An orc priest (D:5)
  2 orc wizards (D:4)
  2 worker ants
  Terence (D:2)
  3 adders
  2 gnolls (D:4)
  An ooze (D:2)
  A worm (D:3)
  3 dart slugs
  2 leopard geckos
  10 orcs
  3 bats
  4 giant cockroaches
  7 goblins
  4 hobgoblins (D:1)
  4 jackals
  4 kobolds
  2 quokkas
  3 ball pythons (D:1)
  4 frilled lizards
  7 rats
73 creatures vanquished.

Vanquished Creatures (collateral kills)
  A hound (D:4)
  2 orc wizards
  2 gnolls (D:4)
  5 orcs
10 creatures vanquished.

Grand Total: 83 creatures vanquished

Notes
Turn   | Place    | Note
-------+----------+-------------------------------------------
     0 | D:1      | Mesmaeker13 the Demigod Wanderer began the quest for the Orb.
     0 | D:1      | Mesmaeker13 set off with: a book of Minor Magic, the Catalogue of the Wolf, a +0 robe, a +0 dagger, a ration
     0 | D:1      | Reached XP level 1. HP: 14/14 MP: 6/6
     0 | D:1      | Identified the Catalogue of the Wolf
     2 | D:1      | Learned a level 1 spell: Flame Tongue
   370 | D:1      | Reached XP level 2. HP: 20/20 MP: 5/8
   730 | D:1      | Reached skill level 1 in Dodging
  1336 | D:2      | Reached XP level 3. HP: 10/26 MP: 1/10
  2459 | D:3      | Noticed Terence
  2460 | D:3      | Noticed Kairos's ghost (amateur HuMo)
  2494 | D:2      | Killed Terence
  2494 | D:2      | Reached XP level 4. HP: 22/33 MP: 4/11
  2574 | D:3      | Learned a level 2 spell: Call Imp
  2726 | D:3      | Found an ornate altar of the Wu Jian Council.
  3175 | D:4      | Reached skill level 1 in Summonings
  3175 | D:4      | Reached XP level 5. HP: 25/38 MP: 1/13
  3962 | D:5      | Entered Level 5 of the Dungeon
  4011 | D:5      | Noticed a phantom
  4329 | D:5      | Reached XP level 6. HP: 38/45 MP: 6/14
  4986 | D:5      | Slain by an orc wizard

Skill      XL: |  1  2  3  4  5 |
---------------+----------------+-----
Dodging        | 1 2 3 |  3.5
Spellcasting   | 3 |  3.4
Fire Magic     | 2 3 |  3.8
Summonings     | 1 2 |  2.6
Throwing       | |  1.0
Translocations | |  1.0
Transmutations | |  1.7
Poison Magic   | |  1.0
Evocations     | |  1.0

Action                   |  1- 3 |  4- 6 || total
-------------------------+-------+-------++-------
Melee: Dagger            |    47 |    21 ||    68
 Cast: Flame Tongue      |    85 |    98 ||   183
       Call Imp          |       |    31 ||    31
  Use: Scroll            |     4 |     5 ||     9
       Potion            |       |     2 ||     2
 Stab: Sleeping          |     1 |       ||     1
  Eat: Chunk             |     5 |     5 ||    10
       Ration            |       |     1 ||     1
Armor: Robe              |    30 |     9 ||    39
       Leather armour    |       |    13 ||    13
Dodge: Dodged            |    55 |    49 ||   104
